 Seeded DCSS version 0.30.0-19-g36f170ea60 (webtiles) character file.

Game seed: 6351066067085065685 (custom seed)

912 Esekla the Grave Robber (level 7, -3/38 HPs)
             Began as a Deep Elf Necromancer on May 28, 2023.
             Was a Believer of Vehumet.
             Slain by Menkaure (22 damage)
             ... on level 7 of the Dungeon.
             The game lasted 00:26:41 (4901 turns).

Esekla the Grave Robber (Deep Elf Necromancer)      Turns: 4901, Time: 00:26:42

Health: -3/38      AC:  4    Str:  5    XL:     7   Next: 82%
Magic:  28/28      EV: 14    Int: 22    God:    Vehumet [**....]
Gold:   286        SH:  0    Dex: 18    Spells: 17/20 levels left

rFire   . . .        a - +5 rapier of the Hero {heavy, rN+ Dex+3}
rCold   . . .        (no shield)
rNeg    + . .        q - +0 robe
rPois   .            v - +0 helmet
rElec   .            (no cloak)
rCorr   .            w - +0 pair of gloves
SInv    .            (no boots)
Will    .....        B - amulet of magic regeneration
Stlth   +++          f - ring of magical power
HPRegen 0.26/turn    (no ring)
MPRegen 0.61/turn

%: no passive effects
@: no status effects
A: no striking features
a: Renounce Religion


You were on level 7 of the Dungeon.
You worshipped Vehumet.
Vehumet was pleased with you.
You visited 1 branch of the dungeon, and saw 8 of its levels.

You collected 286 gold pieces.

Inventory:

Hand Weapons
 a - the +5 rapier of the Hero (weapon) {heavy, rN+ Dex+3}
   (You found it on level 3 of the Dungeon)

   Dex:       It affects your dexterity (+3).
   rN:        It protects you from negative energy.
 r - a +1 spear
Missiles
 o - 8 poisoned darts (quivered)
Armour
 q - a +0 robe (worn)
 v - a +0 helmet (worn)
 w - a +0 pair of gloves (worn)
Jewellery
 f - a ring of magical power (left hand)
 B - an amulet of magic regeneration (around neck)
Wands
 m - a wand of roots (15)
 y - a wand of flame (15)
Scrolls
 c - a scroll of immolation {unknown}
 e - 2 scrolls of fear
 k - 2 scrolls of fog {unknown}
 n - 2 scrolls of blinking {unknown}
 p - a scroll of amnesia
 s - a scroll of enchant armour {unknown}
 t - 2 scrolls of enchant weapon
 x - a scroll of magic mapping {unknown}
 z - a scroll of silence {unknown}
 A - a scroll of summoning {unknown}
Potions
 b - a potion of magic
 d - a potion of ambrosia
 g - a potion of heal wounds
 h - 2 potions of attraction
 i - 5 potions of curing
 j - 3 potions of brilliance
 l - a potion of haste
 u - a potion of mutation {unknown}
 C - a potion of lignification


   Skills:
 + Level 1.0 Fighting
 + Level 2.5 Short Blades
 + Level 0.8 Throwing
 * Level 5.0 Dodging
 + Level 4.6 Stealth
 * Level 7.1 Spellcasting
 + Level 7.2 Necromancy


You had 17 spell levels left.
You knew the following spells:

 Your Spells              Type           Power      Damage    Failure   Level
d - Vampiric Draining     Necr           39%        2d8       1%          3

Your spell library contained the following spells:

 Spells                   Type           Power      Damage    Failure   Level
 Foxfire                  Conj/Fire      28%        2x1d5     9%          1
 Necrotise                Necr           100%       1d9       1%          1
 Animate Dead             Necr           39%        N/A       4%          4
 Lesser Beckoning         Tloc           14%        N/A       12%         2
 Agony                    Necr           39%        N/A       12%         5
 Gell's Gravitas          Tloc           7%         N/A       24%         3
 Spider Form              Tmut/Pois      7%         N/A       24%         3
 Teleport Other           Tloc           7%         N/A       24%         3
 Cause Fear               Hex            3%         N/A       63%         4
 Summon Mana Viper        Hex/Summ       7%         N/A       92%         5


Dungeon Overview and Level Annotations

Branches:
Dungeon (8/15)
 Temple: D:4-7         Lair: D:8-11

Altars:
Dithmenos
Hepliaklqana
Okawaru
Qazlal
Trog
Vehumet
Zin
The Shining One

Shops:
D:2 =   D:4 (

Annotations:
D:7 Menkaure
D:8 3 transporters


Message History

The gnoll hits you from afar with a +0 halberd.
You climb upwards.
Reactivating autopickup.
A sourceless malevolence fills the Dungeon... and a teleportation trap spontaneously manifests!
You are yanked towards a nearby monster!
Your surroundings suddenly seem different.
Menkaure, Prince of Dust comes into view.
Found five items.
You see here 3 scrolls labelled LIXOR VONLAKI.
As you read the scroll labelled BUGABINK IGUEV, it crumbles to dust.
It is a scroll of enchant weapon.
Your +0 spear glows red for a moment.
As you read the scroll labelled QOIXKOT YTEE, it crumbles to dust.
You assume a fearsome visage.
Menkaure is unaffected.
The two-headed ogre looks frightened!
It was a scroll of fear.
Menkaure mumbles some strange words.
Menkaure seems to speed up.
As you read the scroll labelled BAAPSI VUUTI, it crumbles to dust.
It is a scroll of amnesia.
Forget Necrotise, freeing 1 spell level for a total of 17?
Your memory of Necrotise unravels.
You hit Menkaure.
Menkaure is moderately damaged.
Menkaure hits you!
* * * LOW HITPOINT WARNING * * *
Menkaure gestures at you while chanting.
You struggle to resist.
Okay, then.
It was a potion of curing.
You feel better.
The two-headed ogre howls, "Help!"
Menkaure closely misses you.
It was a potion of heal wounds.
You feel much better. Menkaure hits you.
You puncture Menkaure!
Menkaure is heavily damaged.
Menkaure hits you! Menkaure misses you.
You hit Menkaure.
Menkaure is severely damaged.
Menkaure hits you!!
Ouch! That really hurt!
You die...

#.# ## #.#.. #
#.#.########
#.##.#........#
#..O.(........#
#>.........#
####.......#
##.......#
#.....@..#
#....M..?#
#....?...#
#........#
#....?...#
#.######## /..
###


You could see Menkaure (fast).

Vanquished Creatures
  An ice beast (D:6)
  A black bear (D:2)
  An ogre (D:5)
  2 scorpions (D:5)
  A gnoll bouda (D:4)
  3 hounds
  A sleepcap (D:5)
  4 iguanas
  11 gnolls
  9 adders
  A white imp (D:5)
  A worm (D:4)
  3 dart slugs
  10 orcs
  6 ball pythons
  4 bats
  4 endoplasms
  7 goblins
  5 hobgoblins
  A quokka (D:1)
  4 frilled lizards
  5 kobolds
  A rat (D:1)
86 creatures vanquished.

Notes
Turn   | Place    | Note
-------+----------+-------------------------------------------
     0 | D:1      | Esekla the Deep Elf Necromancer began the quest for the
                  | Orb.
     0 | D:1      | Reached XP level 1. HP: 10/10 MP: 6/6
   107 | D:1      | Reached skill level 5 in Necromancy
   237 | D:1      | Reached XP level 2. HP: 12/13 MP: 8/8
   405 | D:4      | Found a radiant altar of Vehumet.
   409 | D:4      | Became a worshipper of Vehumet
   669 | D:2      | Noticed a black bear
   858 | D:2      | Reached XP level 3. HP: 19/19 MP: 9/9
   862 | D:2      | Learned a level 3 spell: Vampiric Draining
   998 | D:2      | Found Renulab's Jewellery Shop.
  1187 | D:2      | Killed a black bear
  1188 | D:2      | Reached skill level 1 in Short Blades
  1188 | D:2      | Reached XP level 4. HP: 24/24 MP: 3/11
  1449 | D:3      | Found a stormy altar of Qazlal.
  1453 | D:3      | Found a bloodstained altar of Trog.
  1459 | D:3      | Reached XP level 5. HP: 28/28 MP: 12/12
  1484 | D:3      | Found a hazy altar of Hepliaklqana.
  1742 | D:2      | Found a faded altar of an unknown god.
  2023 | D:3      | Identified the +5 rapier of the Hero {heavy, rN+ Dex+3}
  2419 | D:3      | Reached * piety under Vehumet
  2419 | D:3      | Offered knowledge of Sandblast by Vehumet.
  2571 | D:4      | Found Ponaysk's Antique Weapon Boutique.
  2678 | D:4      | Found a glowing silver altar of Zin.
  2690 | D:4      | Found an iron altar of Okawaru.
  2797 | D:4      | Found a glowing golden altar of the Shining One.
  3045 | D:4      | Reached XP level 6. HP: 29/33 MP: 11/14
  3169 | D:5      | Entered Level 5 of the Dungeon
  3177 | D:5      | Got the Parchment of the Lumpy Olives
  3601 | D:4      | Reached skill level 5 in Spellcasting
  3913 | D:5      | Found a shadowy altar of Dithmenos.
  3974 | D:5      | Reached XP level 7. HP: 37/37 MP: 17/17
  4381 | D:5      | Reached ** piety under Vehumet
  4381 | D:5      | Offered knowledge of Foxfire by Vehumet.
  4751 | D:6      | Reached skill level 1 in Fighting
  4762 | D:6      | Reached skill level 5 in Dodging
  4830 | D:6      | You fall into a shaft and drop 2 floors!
  4838 | D:8      | Found a transporter.
  4838 | D:8      | Found a transporter.
  4839 | D:8      | Found a transporter.
  4880 | D:8      | Noticed a two-headed ogre
  4890 | D:7      | Noticed Menkaure
  4901 | D:7      | Slain by Menkaure

Illustrated notes

Levels and vault maps discovered:
D:1:      sevenhm_arrival_forest_fort_small_3, layout_rooms,
          chequers_serial_rivers_room_b, minmay_misc_feat_five
D:2:      layout_loops_ring, dreamdust_ecumenical_altar_angels_and_demons,
          serial_shops, shop
D:3:      layout_basic, grunt_temple_overflow_open, minmay_misc_feat_iff
D:4:      layout_basic, nicolae_overflow_quartered_altars, serial_shops,
          nicolae_diamond_shop
D:5:      layout_loops_ring, lemuel_doored_altar, minmay_misc_feat_rows,
          dreamdust_wishing_well
D:6:      layout_loops_cross, fedhas_altar_fruit_tree,
          minmay_temple_entry_glass, uniq_pikel, uniq_blork_the_orc
D:7:      layout_basic, uniq_menkaure, uniq_joseph, uniq_crazy_yiuf_cottage
D:8:      layout_basic, nicolae_uskayaw_dance_hall, serial_demonic,
          serial_demonic_d, serial_demonic_a, serial_demonic_c,
          serial_demonic_c, nicolae_diode_quadrants

Skill      XL: |  1  2  3  4  5  6  7 |
---------------+----------------------+-----
Necromancy     | 5 6 7 |  7.2
Stealth        | 3 4 |  4.6
Short Blades   | 1 2 |  2.5
Dodging        | 3 4 5 |  5.0
Spellcasting   | 4 5 7 |  7.1
Fighting       | 1 |  1.0
Throwing       | |  0.8

Action                     |  1- 3 |  4- 6 |  7- 9 || total
---------------------------+-------+-------+-------++-------
  Melee: Short sword       |    11 |       |       ||    11
         Unarmed           |    10 |       |       ||    10
         Dagger            |    47 |    20 |       ||    67
         Punch             |     1 |       |     2 ||     3
         Rapier            |       |    49 |    29 ||    78
  Throw: Dart              |       |    15 |     6 ||    21
   Cast: Vampiric Draining |     2 |    25 |     8 ||    35
  Evoke: Wand              |     1 |       |       ||     1
    Use: Scroll            |       |       |     8 ||     8
         Potion            |       |       |     2 ||     2
   Stab: Sleeping          |     3 |     5 |     2 ||    10
         Distracted        |     1 |       |       ||     1
 Armour: Robe              |     7 |     5 |     7 ||    19
  Dodge: Dodged            |    33 |    52 |    29 ||   114
